AoeStats
← Gurken Freund Gert Gumpisch

Arena

509876589Analyzed
1v1 RM · 3d ago on Sep 28, 2026· 45m 47s· 2 players
Game mode
Random Map
Map size
Tiny (2 player)
Population
200
Speed
Normal
Resources
Standard
Victory
Conquest
Starting age
Dark Age
Ending age
Imperial Age
RankedLock teamsTeams togetherTeam positionsShared explorationLock speedFull tech treeHidden civsTurbo modeCheats
Victory
Defeat
965
+14
🇪🇸 Japanese · Spain
917
-14
Gurken Freund Gert Gumpisch
0:47 Loom
10:34 Feudal Age
17:20 Castle Age
15:32 Double-Bit Axe
16:32 Fletching
16:42 Padded Archer Armor
17:21 Gold Mining
17:22 Stone Mining
21:45 Thumb Ring
23:43 Wheelbarrow
23:44 Bow Saw
24:19 Bodkin Arrow
25:16 Leather Archer Armor
29:08 Hand Cart
29:48 Gold Shaft Mining
29:50 Stone Shaft Mining
33:53 Ballistics
34:14 Murder Holes
40:00 Imperial Age
37:44 Great Wall
38:12 Masonry
37:49 Man-at-Arms
39:03 Horse Collar
40:39 Heavy Plow
42:00 Chemistry
41:03 Bracer
43:08 Two-Man Saw
44:33 Elite Chu Ko Nu
46:10 Ring Archer Armor
Fernandez Sama
10:12 Feudal Age
14:25 Castle Age
12:13 Loom
12:48 Double-Bit Axe
15:49 Wheelbarrow
15:28 Bow Saw
16:26 Wheelbarrow
17:37 Horse Collar
19:46 Hand Cart
21:19 Gambesons
21:50 Forging
21:41 Scale Mail Armor
23:41 Heavy Plow
28:11 Chain Mail Armor
29:32 Squires
29:17 Arson
29:34 Gold Mining
29:34 Stone Mining
41:29 Iron Casting
44:31 Imperial Age
42:34 Padded Archer Armor
42:24 Fletching
42:00 Elite Skirmisher
43:39 Leather Archer Armor
44:01 Thumb Ring
46:19 Chemistry
45:40 Ballistics
45:41 Bodkin Arrow
Connection lost

Rejoining the realm…

Still unreachable

The connection could not be restored.

Session expired

The server has moved on; the page needs a fresh start.